 Dungeon Crawl Stone Soup version 0.31-a0-188-g5e087ee2ca (webtiles) character file.

Game seed: 10509264697881041139

42 qw the Shooter (level 3, -2/20 HPs)
             Began as a Deep Elf Hunter on June 23, 2023.
             Killed from afar by Ijyb (9 damage)
             ... with a puff of flame
             ... on level 3 of the Dungeon.
             The game lasted 00:00:32 (1868 turns).

qw the Shooter (Deep Elf Hunter)                    Turns: 1868, Time: 00:00:32

Health: -2/20      AC:  5    Str: 10    XL:     3   Next: 33%
Magic:  5/5        EV: 11    Int: 13    God:
Gold:   141        SH:  0    Dex: 18    Spells: 2/2 levels left

rFire   . . .        Y - +0 shortbow
rCold   . . .        (shield currently unavailable)
rNeg    . . .        b - +0 ring mail
rPois   .            (no helmet)
rElec   .            (no cloak)
rCorr   .            (no gloves)
SInv    .            (no boots)
Will    .....        d - amulet of regeneration
Stlth   +            (no ring)
HPRegen 1.03/turn    (no ring)
MPRegen 0.09/turn

%: no passive effects
@: no status effects
A: no striking features
a: no special abilities


You were on level 3 of the Dungeon.
You visited 1 branch of the dungeon, and saw 3 of its levels.

You collected 141 gold pieces.


   Skills:
 - Level 1.5 Fighting
 + Level 6.9 Ranged Weapons
 - Level 2.4 Dodging
 - Level 1.2 Stealth


You had 2 spell levels left.
You didn't know any spells.
Your spell library was empty.

Inventory:

Hand Weapons
 Y - a +0 shortbow (weapon)
Armour
 b - a +0 ring mail (worn)
Jewellery
 d - an amulet of regeneration (around neck)
Scrolls
 a - a scroll of teleportation
 f - a scroll of identify
Potions
 e - 2 potions of might
 g - a potion of resistance {unknown}
 j - a potion of curing {unknown}

Dungeon Overview and Level Annotations

Branches:
Dungeon (3/15)

Altars:

Annotations:
D:3 Ijyb


Message History

There is an open door here.
You open the door.
There is an open door here.
There is an open door here.
You open the door.
There is an open door here.
Found 3 poisoned darts.
Enter note:
Enter note:
Enter note:
Found a stone staircase leading up.
Enter note:
Enter note:
Enter note:
Enter note: Ijyb the Twisted Goblin comes into view.
She is wielding a +0 club, wearing a +1 leather armour of cold resistance and carrying a wand of flame (20).
Ijyb shouts!
Enter note:
Enter note:
Enter note:
Enter note: You shoot an arrow.
The arrow hits Ijyb.
Ijyb is lightly wounded.
You shoot an arrow. The arrow hits Ijyb.
Ijyb is moderately wounded.
You shoot an arrow. The arrow misses Ijyb.
Ijyb zaps a wand.
The puff of flame hits you.
You shoot an arrow. The arrow hits Ijyb.
Ijyb is heavily wounded.
Ijyb hits you with a +0 club.
You shoot an arrow. The arrow hits Ijyb but does no damage.
Ijyb is heavily wounded.
Ijyb barely misses you.
Ijyb zaps a wand.
The puff of flame hits you!
You shoot an arrow. The arrow hits Ijyb but does no damage.
Ijyb is heavily wounded.
Ijyb hits you with a +0 club.
You shoot an arrow. The arrow hits Ijyb.
Ijyb is heavily wounded.
Ijyb zaps a wand.
The puff of flame hits you!
You die...

###........#####.#####..#.#.#..#
#........# #... ##.........
#......### ###.# ####..##..
#.#.#..# ... #.......#
#...#..######## ##......>####
######.#..#......# ##.##.#
.....#.........#.# #. #.#
####.#.##.######.###### #
...........(<...@.....#
.###.#.#####.###g####.# #.#..#
....# #.#..# .... #.#..# #.###
..#... .. #####.# .#. .. ..#


You could see Ijyb.

Vanquished Creatures
  A worm (D:2)
  An endoplasm (D:1)
  A giant cockroach (D:1)
  5 goblins
  4 hobgoblins (D:1)
  3 jackals (D:3)
  4 quokkas
  3 ball pythons
  5 bats
  2 frilled lizards
  4 kobolds
  4 rats
37 creatures vanquished.

Notes
Turn   | Place    | Note
-------+----------+-------------------------------------------
     0 | D:1      | qw the Deep Elf Hunter began the quest for the Orb.
     0 | D:1      | Reached XP level 1. HP: 12/12 MP: 3/3
     0 | D:1      | 0 ||| qw: Version: 0.3-a-9-g12657ce
     0 | D:1      | 0 ||| qw: Game counter: 3960
     0 | D:1      | 0 ||| qw: Always use a shield: true
     0 | D:1      | 0 ||| qw: God list: Okawaru
     0 | D:1      | 0 ||| qw: Allow faded altars: false
     0 | D:1      | 0 ||| qw: Do Orc after D:15 true
     0 | D:1      | 0 ||| qw: Do second Lair branch before Depths: true
     0 | D:1      | 0 ||| qw: Lair rune preference: random
     0 | D:1      | 0 ||| qw: Plans: Normal
     0 | D:1      | 0 ||| PLANNING D:1-11
   165 | D:1      | Reached XP level 2. HP: 12/16 MP: 4/4
   167 | D:1      | Reached skill level 6 in Ranged Weapons
   954 | D:1      | 954 ||| READING 3 scrolls labelled UMUYPR RUSAAPE.
   958 | D:1      | 958 ||| READING 2 scrolls labelled ISUROLOCWA.
   959 | D:1      | 959 ||| READING scroll labelled CUW EW ZUUXKE.
   960 | D:1      | 960 ||| READING scroll labelled ZOPNOOHOPN.
   961 | D:1      | 961 ||| DRINKING 3 white potions.
   962 | D:1      | 962 ||| DROPPING scroll of butterflies.
  1002 | D:2      | Found a faded altar of an unknown god.
  1042 | D:2      | HP: 4/16 [quokka (3)]
  1043 | D:2      | 1043 ||| READING 2 scrolls of teleportation.
  1046 | D:2      | Reached XP level 3. HP: 5/20 MP: 5/5
  1590 | D:2      | 1590 ||| UPGRADING to +0 ring mail.
  1600 | D:2      | 1600 ||| DROPPING +0 leather armour.
  1601 | D:2      | 1601 ||| UPGRADING to amulet of regeneration.
  1606 | D:2      | 1606 ||| DROPPING amulet of the acrobat.
  1607 | D:2      | 1607 ||| READING scroll labelled RUTTAMN HIUVIB.
  1861 | D:3      | Noticed Ijyb
  1868 | D:3      | Killed from afar by Ijyb

Levels and vault maps discovered:
D:1:      ldierk_walled_garden_2, layout_basic
D:2:      layout_loops_ring, ebering_ecumenical_altar_mist, st_stairs_13
D:3:      layout_basic, kennysheep_generic_room_9, uniq_ijyb

Skill      XL: |  1  2 |
---------------+-------+-----
Ranged Weapons | 6 |  6.9
Fighting       | |  1.5
Dodging        | |  2.4
Stealth        | |  1.2

Action                     || total
---------------------------++-------
   Fire: Shortbow          ||   105
    Use: Scroll            ||     6
         Potion            ||     1
 Armour: Leather armour    ||     9
         Ring mail         ||     3
  Dodge: Dodged            ||    22

Table legend:
 A = Non-vault XP
 B = Vault XP
 C = Vault XP percentage of total XP
 D = Non-vault monster count
 E = Vault monster count
 F = Vault count percentage of total count
                 A         B        C        D         E       F
            +---------+---------+-------+---------+---------+-------
      Total |      58 |       2 |   3.3 |      36 |       1 |   2.7
            +---------+---------+-------+---------+---------+-------
        D:1 |      34 |       0 |   0.0 |      22 |       0 |   0.0
        D:2 |      17 |       2 |  10.5 |      10 |       1 |   9.1
        D:3 |       7 |       0 |   0.0 |       4 |       0 |   0.0
            +---------+---------+-------+---------+---------+-------
